 Dungeon Crawl Stone Soup version 0.30.1-11-g7821555f0a (webtiles) character file.

Game seed: 15777278822056323771

5393 UglyThing the Grappler (level 10, -6/104 HPs)
             Began as a Troll Cinder Acolyte on Nov 9, 2023.
             Was a High Priest of Ignis.
             Mangled by a demonic crawler (13 damage)
             ... on level 1 of the Lair of Beasts.
             The game lasted 00:17:43 (6631 turns).

UglyThing the Grappler (Troll Cinder Acolyte)       Turns: 6631, Time: 00:17:44

Health: -6/104     AC:  9    Str: 32    XL:     10   Next: 39%
Magic:  10/10      EV:  9    Int: 15    God:    Ignis [*****.]
Gold:   450        SH:  0    Dex: 11    Spells: 11/11 levels left

rFire   + .          .
                       - Unarmed
rCold   + . .        (no shield)
rNeg    . . .        a - +1 robe
rPois   .            (helmet restricted)
rElec   .            v - +2 cloak of the Solstice {Int+3 Dex+6}
rCorr   .            (gloves unavailable)
SInv    .            (boots unavailable)
Will    .....        A - amulet of magic regeneration
Stlth   +            u - ring of protection from cold
HPRegen 1.17/turn    G - +6 ring of strength
MPRegen 0.52/turn

%: no passive effects
@: no status effects
A: large, unfitting armour, claws 3, regeneration 1, shaggy fur 1, tough skin 1
a: Renounce Religion, Fiery Armour, Foxfire Swarm, Rising Flame


You were on level 1 of the Lair of Beasts.
You worshipped Ignis.
Ignis was extremely pleased with you.
You visited 2 branches of the dungeon, and saw 10 of its levels.

You collected 450 gold pieces.

Inventory:

Missiles
 n - 21 poisoned darts (quivered)
 x - a throwing net
Armour
 a - a +1 robe (worn)
 v - the +2 cloak of the Solstice (worn) {Int+3 Dex+6}
   (You found it on level 4 of the Dungeon)

   Int:       It affects your intelligence (+3).
   Dex:       It affects your dexterity (+6).
Jewellery
 t - a ring of see invisible
 u - a ring of protection from cold (left claw)
 A - an amulet of magic regeneration (around neck)
 G - a +6 ring of strength (right claw)
Wands
 r - a wand of digging (5)
 y - a wand of polymorph (1)
 D - a wand of flame (8)
Scrolls
 b - a scroll of immolation
 d - a scroll of vulnerability {unknown}
 e - a scroll of torment {unknown}
 h - a scroll of enchant weapon
 i - 3 scrolls of blinking
 j - a scroll of magic mapping
 l - 3 scrolls of teleportation {unknown}
 o - 2 scrolls of enchant armour
 p - 2 scrolls of poison {unknown}
Potions
 c - a potion of cancellation {unknown}
 f - a potion of might {unknown}
 g - 4 potions of heal wounds
 k - 2 potions of attraction
 m - a potion of mutation {unknown}
 q - a potion of degeneration {unknown}
 s - 8 potions of curing {unknown}
 w - a potion of berserk rage {unknown}
 z - 3 potions of flight
 B - a potion of brilliance {unknown}
 C - a potion of haste {unknown}
 E - a potion of lignification {unknown}
 F - 2 potions of ambrosia {unknown}


   Skills:
 + Level 8.0 Fighting
 + Level 7.5 Armour
 + Level 9.5 Unarmed Combat
 - Level 1.0 Spellcasting
 - Level 2.1 Fire Magic


You had 11 spell levels left.
You didn't know any spells.
Your spell library contained the following spells:

 Spells                   Type           Power      Damage    Failure   Level
 Scorch                   Fire           14%        2d5       16%         2
 Ensorcelled Hibernation  Hex/Ice        0%         N/A       36%         2
 Spider Form              Tmut/Pois      0%         N/A       58%         3
 Anguish                  Hex/Necr       0%         N/A       94%         4


Dungeon Overview and Level Annotations

Branches:
Dungeon (8/15)             Temple (0/1) D:6            Lair (2/5) D:8
 Spider (0/4) Lair:2
  Swamp: Lair:2-3    Shoals: Lair:2-3

Altars:
Ashenzari
Hepliaklqana
Wu Jian

Shops:
D:2 [?!=   D:5 [

Annotations:
D:1 1 transporter


Innate Abilities, Weirdness & Mutations

You are too large for most types of armour.
You have claws for hands.
Your natural rate of healing is unusually fast.
You are covered in fur. (AC +1)
You have tough skin. (AC +1)


Message History

The demonic crawler is lightly wounded.
The demonic crawler hits you but does no damage. x2
The demonic crawler hits you.
You closely miss the demonic crawler.
The demonic crawler is lightly wounded.
The giant cockroach bites you but does no damage.
The demonic crawler hits you.
The demonic crawler hits you but does no damage.
The demonic crawler hits you!
You claw the demonic crawler!
The demonic crawler is moderately wounded.
The giant cockroach bites you but does no damage.
The demonic crawler hits you but does no damage.
The demonic crawler hits you. The demonic crawler hits you!
You barely miss the demonic crawler.
The demonic crawler is lightly wounded.
The giant cockroach bites you but does no damage.
The demonic crawler hits you but does no damage.
The demonic crawler barely misses you. The demonic crawler hits you.
You scratch the demonic crawler but do no damage.
The demonic crawler is lightly wounded.
The giant cockroach closely misses you. The demonic crawler hits you.
The demonic crawler closely misses you. The demonic crawler barely misses you.
You scratch the demonic crawler but do no damage.
The demonic crawler hits you but does no damage.
The demonic crawler hits you! The demonic crawler hits you.
The giant cockroach bites you but does no damage.
You scratch the demonic crawler.
The demonic crawler is lightly wounded.
The demonic crawler hits you! x2
* * * LOW HITPOINT WARNING * * *
The demonic crawler hits you!
* * * LOW HITPOINT WARNING * * *
The giant cockroach bites you but does no damage.
The demonic crawler hits you.
* * * LOW HITPOINT WARNING * * *
The demonic crawler hits you.
* * * LOW HITPOINT WARNING * * *
The demonic crawler hits you!
You die...

#...............##'####.........
#.............####.# #.....###.
#..#.#.#.#.#..####.## #....#....
#..#........#..##...# #.........
#..#........#.'.....# #.........
#..#........'.###P..# #.........
#..#...>....P..###..# #....#....
##..#........#.#####+###....#..#.
#P.....#'P##.#..@s)..............
##.............B.................
##...............................
#P...............................
##...............................
#...............................
##...............#.#######.....##
#.......".......##+#######....###
##..########....##......#.....# #


You could see a demonic crawler and a giant cockroach.

Vanquished Creatures
  A black mamba (Lair:1)
  2 cane toads (Lair:1)
  A komodo dragon (Lair:1)
  A wyvern (Lair:1)
  2 steam dragons
  An acid dragon (D:7)
  Duvessa (D:4)
  3 water moccasins
  4 ice beasts
  3 orc warriors
  4 black bears
  An ogre (D:5)
  3 phantoms
  A kobold brigand (D:7)
  6 bullfrogs
  Blork the orc (D:6)
  A scorpion (D:7)
  5 wights
  Dowan (D:4)
  3 howler monkeys
  An electric eel (D:8)
  2 jellies (D:6)
  5 orc priests
  4 hounds
  An iguana (D:5)
  Ijyb (D:3)
  Natasha (twice) (D:3)
  A sleepcap (D:4)
  3 orc wizards
  Robin (D:3)
  8 gnolls
  15 adders
  2 white imps
  2 ufetubi
  2 dart slugs (D:3)
  35 orcs
  4 ball pythons
  8 endoplasms
  3 giant cockroaches
  6 hobgoblins
  3 jackals (D:4)
  9 kobolds
  4 quokkas
  2 bats (D:1)
  5 frilled lizards
  16 goblins
  6 rats
196 creatures vanquished.

Notes
Turn   | Place    | Note
-------+----------+-------------------------------------------
     0 | D:1      | UglyThing the Troll Cinder Acolyte began the quest for the
                  | Orb.
     0 | D:1      | Reached XP level 1. HP: 22/22 MP: 1/1
   173 | D:1      | Reached XP level 2. HP: 29/29 MP: 2/2
   701 | D:2      | Found Fysod's Magic Scroll Emporium.
   733 | D:2      | Reached skill level 1 in Armour
   766 | D:2      | Reached XP level 3. HP: 22/37 MP: 3/3
   808 | D:2      | Reached XP level 4. HP: 45/45 MP: 4/4
   892 | D:2      | Found Morauhoa's Jewellery Emporium.
   928 | D:2      | Found Enoof's Distillery.
  1029 | D:2      | Found Jefihal's Armour Emporium.
  1411 | D:3      | Noticed Ijyb
  1427 | D:3      | Killed Ijyb
  1428 | D:3      | Reached skill level 4 in Unarmed Combat
  1496 | D:3      | Reached XP level 5. HP: 45/53 MP: 5/5
  1528 | D:3      | Identified the +0 helmet of Ubresm {rElec rPois Int+3
                  | Stlth+}
  1528 | D:3      | Noticed Robin
  1550 | D:3      | Killed Robin
  1733 | D:3      | Noticed an ice beast
  1742 | D:3      | Killed an ice beast
  1743 | D:3      | Reached XP level 6. HP: 57/62 MP: 6/6
  1802 | D:3      | Noticed Natasha
  1811 | D:3      | Killed Natasha
  2043 | D:3      | Noticed Natasha
  2057 | D:3      | Killed Natasha
  2245 | D:4      | Identified the +2 cloak of the Solstice {Int+3 Dex+6}
  2296 | D:4      | Reached skill level 5 in Unarmed Combat
  2365 | D:4      | Reached XP level 7. HP: 66/71 MP: 7/7
  2492 | D:4      | Noticed Duvessa
  2505 | D:4      | Killed Duvessa
  2507 | D:4      | Noticed Dowan
  2522 | D:4      | Killed Dowan
  2552 | D:5      | Entered Level 5 of the Dungeon
  2552 | D:5      | Found an ornate altar of the Wu Jian Council.
  2654 | D:5      | Noticed an animated storm dragon scales
  2656 | D:5      | Found Febur's Armour Boutique.
  2665 | D:5      | Noticed an animated gold dragon scales
  2674 | D:5      | Reached skill level 5 in Fighting
  2674 | D:5      | Reached skill level 6 in Unarmed Combat
  2721 | D:5      | Reached XP level 8. HP: 69/80 MP: 8/8
  3278 | D:6      | Found a broken altar of Ashenzari.
  3459 | D:6      | Noticed Blork the orc
  3467 | D:6      | Killed Blork the orc
  3468 | D:6      | Reached skill level 5 in Armour
  3507 | D:6      | Found a staircase to the Ecumenical Temple.
  3516 | D:6      | Reached skill level 7 in Unarmed Combat
  4023 | D:7      | Reached XP level 9. HP: 89/89 MP: 9/9
  4491 | D:7      | Reached skill level 8 in Unarmed Combat
  4639 | D:7      | Found a hazy altar of Hepliaklqana.
  5526 | D:8      | Found a staircase to the Lair.
  5538 | Lair:1   | Entered Level 1 of the Lair of Beasts
  5541 | Lair:1   | Noticed a cane toad
  5543 | Lair:1   | Noticed a black mamba
  5548 | Lair:1   | Killed a cane toad
  5549 | Lair:1   | Reached XP level 10. HP: 60/102 MP: 10/10
  5551 | Lair:1   | Killed a black mamba
  5552 | Lair:1   | Reached skill level 9 in Unarmed Combat
  5591 | Lair:1   | Noticed a seven-headed hydra
  6286 | Lair:1   | Noticed a cane toad
  6292 | Lair:1   | Killed a cane toad
  6614 | Lair:2   | Noticed a demonic crawler
  6631 | Lair:1   | Mangled by a demonic crawler

Illustrated notes

Levels and vault maps discovered:
D:1:      spicycebolla_arrival_risky_transporter, layout_basic,
          chequers_serial_rivers_small_b
D:2:      layout_basic, serial_shops, nicolae_square_shop, shop, shop,
          nicolae_shop_pleasant_corner_grove, corexii_shack
D:3:      layout_loops_ring, kennysheep_another_room, uniq_ijyb, uniq_robin,
          uniq_natasha
D:4:      layout_basic, nemelex_altar_shiori, uniq_duvessa
D:5:      layout_loops_ring, mainiacjoe_overflow_catwalk, serial_shops,
          nicolae_shop_mannequins
D:6:      layout_basic, nicolae_ashenzari_skybound, minmay_temple_entry_wispy,
          uniq_blork_the_orc
D:7:      layout_loops_cross, mainiacjoe_overflow_alcove_2, serial_rivers,
          chequers_serial_rivers_micro_e, chequers_serial_rivers_micro_a,
          chequers_serial_rivers_room_b, chequers_serial_rivers_room_a
D:8:      statuecave_lemuel, layout_cave_pools, grunt_lair_entry_orc_guard_hut
Lair:1:   layout_regular_city
Lair:2:   layout_cellular_growth, nicolae_spider_entry_non_spiders,
          lightli_volcano_entry_magma_tube

Skill      XL: |  1  2  3  4  5  6  7  8  9 10 |
---------------+-------------------------------+-----
Armour         | 1 2 3 4 5 6 7 |  7.5
Fighting       | 3 4 5 6 7 8 |  8.0
Unarmed Combat | 4 5 6 7 8 9 |  9.5
Spellcasting   | |  1.0
Fire Magic     | |  2.1

Action                     |  1- 3 |  4- 6 |  7- 9 | 10-12 || total
---------------------------+-------+-------+-------+-------++-------
  Melee: Unarmed           |    59 |   205 |   359 |    50 ||   673
         Punch             |     2 |     2 |     9 |     1 ||    14
    Use: Scroll            |       |     1 |     3 |     5 ||     9
 Armour: Robe              |    19 |    66 |   143 |    28 ||   256
  Dodge: Dodged            |    24 |    91 |   153 |    28 ||   296
